 Dungeon Crawl Stone Soup version 0.26.0-16-gc1dbca0489 (webtiles) character file.

Game seed: 5756854581715924019

597 musicismath the Chopper (level 7, -1/62 HPs)
             Began as a Minotaur Berserker on Jan 16, 2021.
             Was a Priest of Trog.
             Splashed by a jelly's acid (3 damage)
             ... on level 4 of the Dungeon on Jan 18, 2021.
             The game lasted 00:14:57 (4335 turns).

musicismath the Chopper (Minotaur Berserker)        Turns: 4335, Time: 00:14:58

Health: -1/62      AC: -6    Str: 24    XL:     7   Next: 17%
Magic:  6/6        EV:  9    Int:  4    God:    Trog [***...]
Gold:   216        SH:  0    Dex:  9    Spells: 6/6 levels left

rFire    . . .     SeeInvis .   a - +0 hand axe
rCold    . . .     Faith    .   (no shield)
rNeg     . . .     Spirit   .   k - +0 chain mail
rPois    .         Reflect  .   (helmet restricted)
rElec    .         Harm     .   (no cloak)
rCorr    .         Rampage  .   (no gloves)
Will     ++...                  (no boots)
Stlth    ..........             (no amulet)
HPRegen  1.20/turn              (no ring)
MPRegen  0.10/turn              (no ring)

@: corroded, regenerating
A: retaliatory headbutt, horns 2
a: Renounce Religion, Berserk, Trog's Hand


You were on level 4 of the Dungeon.
You worshipped Trog.
Trog was most pleased with you.
You visited 1 branch of the dungeon, and saw 4 of its levels.
You also visited: Ossuary.

You collected 216 gold pieces.

Inventory:

Hand Weapons
 a - a +0 hand axe (weapon)
Armour
 b - a +0 animal skin
 k - a +0 chain mail (worn)
Jewellery
 c - an uncursed ring of stealth {unknown}
 e - an uncursed ring of flight {unknown}
 o - a cursed -4 ring of dexterity {unknown}
 q - a cursed ring of teleportation {unknown}
 s - a cursed amulet of inaccuracy {unknown}
Scrolls
 d - 9 scrolls of identify {unknown}
 f - 3 scrolls of enchant weapon {unknown}
 i - 4 scrolls of remove curse {unknown}
 j - a scroll of teleportation {unknown}
 l - 2 scrolls of blinking {unknown}
 m - a scroll of immolation {unknown}
 p - a scroll of fog {unknown}
 r - a scroll of fear {unknown}
 u - a scroll of magic mapping {unknown}
 y - a scroll of amnesia {unknown}
Potions
 g - 2 potions of heal wounds {unknown}
 h - a potion of degeneration {unknown}
 n - 4 potions of curing {unknown}
 t - a potion of brilliance {unknown}
 v - a potion of berserk rage {unknown}
 w - a potion of mutation {unknown}
 x - a potion of lignification {unknown}
 z - a potion of flight {unknown}
 A - a potion of ambrosia {unknown}


   Skills:
 + Level 5.8 Fighting
 * Level 7.2 Axes
 + Level 4.0 Armour
 + Level 4.0 Dodging
 - Level 0.2 Stealth


You had 6 spell levels left.
You didn't know any spells.
Your spell library was empty.

Dungeon Overview and Level Annotations

Branches:
Dungeon (4/15)            Ossuary (visited)
 Temple: D:4-7

Altars:
Fedhas
Kikubaaqudgha
Okawaru
Sif Muna
Vehumet
Xom
Yredelemnul
The Shining One


Innate Abilities, Weirdness & Mutations

You reflexively headbutt those who attack you in melee.
You have a pair of horns on your head.


Message History

You feel strong-willed. The jelly barely misses you.
You are too injured to fight recklessly!
You are too injured to fight recklessly!
You hit the jelly but do no damage.
Your hands burn!
The jelly is severely wounded.
The jelly hits you.
You are splashed with acid!
* * * LOW HITPOINT WARNING * * *
You hit the jelly but do no damage.
Your hands burn!
* * * LOW HITPOINT WARNING * * *
The jelly is severely wounded.
The jelly closely misses you.
Your skin crawls.
You feel strong-willed. The jelly hits you.
* * * LOW HITPOINT WARNING * * *
The acid corrodes you!
You are splashed with acid!
* * * LOW HITPOINT WARNING * * *
You hit the jelly but do no damage. The acid corrodes you!
Your hands burn!
You die...

#..# #..# #..#
#..# #..# #
#..#.# #....#
#J# #@# #.# #.#
#############.#
#.............#
#.#############
# #.####
#.#....######
##.##........#


You could see a jelly.

Vanquished Creatures
  2 howler monkeys (D:4)
  2 orc wizards (D:4)
  An iguana (D:4)
  A worker ant (D:4)
  A hound skeleton (D:4)
  12 mummies (Ossuary)
  A gnoll (D:1)
  A howler monkey skeleton (D:4)
  13 adders
  An adder skeleton (D:4)
  3 worms
  2 dart slugs
  2 leopard geckos
  10 orcs
  2 giant cockroaches
  6 goblins
  10 hobgoblins
  5 jackals
  3 quokkas
  A ball python (D:3)
  7 bats
  2 frilled lizards
  A gnoll skeleton (Ossuary)
  4 goblin skeletons (Ossuary)
  8 kobolds
  3 orc skeletons (Ossuary)
  A quokka zombie (D:4)
  12 rats
  11 rat skeletons (Ossuary)
  A rat zombie (D:4)
129 creatures vanquished.

Notes
Turn   | Place    | Note
-------+----------+-------------------------------------------
     0 | D:1      | musicismath the Minotaur Berserker began the quest for the
                  | Orb.
     0 | D:1      | Reached XP level 1. HP: 19/19 MP: 0/0
    91 | D:1      | Reached XP level 2. HP: 16/27 MP: 1/1
   253 | D:1      | Reached skill level 4 in Axes
   572 | D:1      | Reached XP level 3. HP: 33/33 MP: 2/2
   903 | D:2      | Found a blossoming altar of Fedhas.
   913 | D:2      | Found an iron altar of Okawaru.
   916 | D:2      | Found a glowing golden altar of the Shining One.
   975 | D:2      | Found a basalt altar of Yredelemnul.
  1049 | D:2      | Reached ** piety under Trog
  1072 | D:2      | Reached skill level 5 in Axes
  1072 | D:2      | Reached XP level 4. HP: 19/41 MP: 3/3
  2170 | D:3      | Reached XP level 5. HP: 21/47 MP: 4/4
  2384 | D:3      | Reached skill level 5 in Fighting
  2598 | D:3      | Found a shimmering altar of Xom.
  2858 | D:3      | Found an ancient bone altar of Kikubaaqudgha.
  2858 | D:3      | Found a shimmering blue altar of Sif Muna.
  2860 | D:3      | Found a radiant altar of Vehumet.
  3012 | D:3      | Upgraded the game from 0.26.0-15-gc6cd9f700b to
                  | 0.26.0-16-gc1dbca0489
  3036 | D:4      | Reached skill level 6 in Axes
  3202 | D:4      | Reached XP level 6. HP: 56/56 MP: 5/5
  3709 | D:4      | Found a sand-covered staircase.
  3717 | Ossuary  | Entered an ossuary
  3835 | Ossuary  | Reached skill level 7 in Axes
  3850 | Ossuary  | Reached *** piety under Trog
  3921 | Ossuary  | Reached XP level 7. HP: 59/62 MP: 6/6
  4334 | D:4      | HP: 2/62 [acid (10)]
  4335 | D:4      | Splashed by a jelly's acid

Illustrated notes

Levels and vault maps discovered:
D:1:      ncdulo_wetmaze, layout_rooms
D:2:      layout_rooms, grunt_temple_overflow_cloverleaf
D:3:      layout_loops_ring, grunt_temple_overflow_magic_moments, tgw_xom
D:4:      layout_basic, enter_ossuary_4, kennysheep_decorative_pillar

Skill      XL: |  1  2  3  4  5  6  7 |
---------------+----------------------+-----
Axes           | 4 5 6 7 |  7.2
Fighting       | 4 5 |  5.8
Armour         | 3 4 |  4.0
Dodging        | 3 4 |  4.0
Stealth        | |  0.2

Action                   |  1- 3 |  4- 6 |  7- 9 || total
-------------------------+-------+-------+-------++-------
Melee: Hand axe          |    77 |   219 |    42 ||   338
       Headbutt          |    10 |    36 |    13 ||    59
Invok: Berserk           |     1 |     1 |       ||     2
       Trog's Hand       |       |     5 |     2 ||     7
Armor: Animal skin       |    10 |     6 |       ||    16
       Chain mail        |       |    87 |    11 ||    98
Dodge: Dodged            |    55 |    87 |    12 ||   154
